 Dungeon Sprint DCSS version 0.18-b1-16-g289874d (webtiles) character file.

307 Kidiri the Covert (level 6, -11/35 HPs)
             Began as a Spriggan Enchanter on May 1, 2016.
             Mangled by a spatial vortex (18 damage)
             ... in the Dungeon (Sprint III: "The Ten Rune Challenge").
             The game lasted 00:03:02 (253 turns).

Kidiri the Covert (Spriggan Enchanter)               Turns: 253, Time: 00:03:03

Health: -11/35     AC:  3    Str:  4    XL:     6   Next: 16%
Magic:  17/17      EV: 25    Int: 18    God:
Gold:   45         SH:  0    Dex: 17    Spells: 5 memorised, 7 levels left

rFire  + . .     SeeInvis +     a - +1 dagger
rCold  . . .     Gourm    .     b - +1 robe
rNeg   . . .     Faith    .     (shield restricted)
rPois  .         Spirit   .     (helmet restricted)
rElec  .         Dismiss  .     (no cloak)
rCorr  .         Reflect  .     (gloves unavailable)
SustAt .         Harm     .     (boots unavailable)
MR     +....     NoTele   +     (no amulet)
Stlth  +++++.....               (no ring)
                                (no ring)

@: very quick, somewhat resistant to hostile enchantments, quite stealthy
A: unfitting armour, antennae 1, repulsion field 1, see invisible, fire
resistance 1, herbivore 3, speed 3, robust 1, slow metabolism 2
a: no special abilities


You were in the Dungeon.
You were not hungry.

You visited 1 branch You collected 45 gold pieces.

Inventory:

Hand Weapons
 a - a +1 dagger (weapon)
Armour
 b - a +1 robe (worn)
Scrolls
 j - a scroll of blinking
 k - a scroll of holy word
 m - 3 scrolls of remove curse
 o - a scroll of torment {unknown}
Potions
 e - a potion of curing
 f - 2 potions of heal wounds
 g - 2 potions of haste
 h - 2 potions of magic
 n - a potion of might
 q - a potion of cure mutation
Books
 c - a book of Maledictions

   Spells                             Type                      Level
   a - Corona                         Hexes                        1
   b - Ensorcelled Hibernation        Hexes/Ice                    2
   c - Confuse                        Hexes                        3
   d - Tukima's Dance                 Hexes                        3
   e - Dazzling Spray                 Conjuration/Hexes            3
Comestibles
 d - a bread ration
 p - 2 royal jellies


   Skills:
 + Level 2.7 Fighting
 * Level 5.7 Short Blades
 + Level 2.4 Armour
 * Level 8.0 Dodging
 * Level 9.4 Stealth
 * Level 7.0 Spellcasting
 + Level 1.6 Conjurations
 + Level 5.4 Hexes
 + Level 2.3 Ice Magic


You had 7 spell levels left.
You knew the following spells:

 Your Spells              Type           Power        Failure   Level  Hunger
a - Corona                Hex            ####...      1%          1    None
b - Ensorcelled Hibernat  Hex/Ice        ###...       3%          2    None
c - Confuse               Hex            ####....     3%          3    ##.....
d - Tukima's Dance        Hex            ####....     3%          3    ##.....
e - Dazzling Spray        Conj/Hex       ###.....     10%         3    ##.....


Dungeon Overview and Level Annotations

Branches:
Dungeon (1/1)

Altars:
Dithmenos
Gozag
Makhleb
Nemelex Xobeh
Pakellas
Qazlal
Ru
Xom
Jiyva
Lugonu


Innate Abilities, Weirdness & Mutations

You are tiny and cannot use many weapons and most armour.
You have supernaturally acute eyesight.
You are a herbivore.
You cover ground extremely quickly.
You need consume almost no food.
You have a pair of small antennae on your head.
You are surrounded by a mild repulsion field (EV +2).
Your flesh is heat resistant.
You are robust (+10% HP).


Message History

The helpless jelly fails to defend itself.
You skewer the jelly like a kebab!!!
You kill the jelly!
Your Dodging skill increases to level 8!
Your Spellcasting skill increases to level 7!
p - 2 royal jellies (gained 1)
You start resting.
Magic restored.
You open the door.
Found an oddly glowing altar of Pakellas and a stormy altar of Qazlal.
A spatial vortex comes into view.
Found a stone of tremors.
Found eight altars.
There is an open door here.
There is a sacrificial altar of Ru here.
The spatial vortex hits you!!
Ouch! That really hurt!
* * * LOW HITPOINT WARNING * * *
Space warps horribly around you!
Ouch! That really hurt!
You die...

...♣.♣ ♣♣.# ...♣♣♣
♣..#{
...≈♣♣♣♣..###+#+###+##
..≈≈♣.♣...#..........#
.≈≈≈≈♣♣♣♣.'.⌠........#
.≈≈≈≈≈≈...#...######'#
≈≈≈≈≈≈....#.⌠.#__#...#
≈≈≈≈≈.....#...#v_#...#
≈≈≈.......#+###_@#...#
..........# #__#...+
..........# #__'...#
▓▓▓▓▓▓▓▓▓▓▓ ▓▓▓▓▓▓▓▓


You could see a spatial vortex.

Vanquished Creatures
  A shadow (D)
  A water elemental (D)
  A scorpion (D)
  A jelly (D)
  A human (D)
  An ooze (D)
  3 rats (D)
9 creatures vanquished.

Vanquished Creatures (others)
  A draconian scorcher (D)
  A yaktaur (D)
2 creatures vanquished.

Grand Total: 11 creatures vanquished

Notes
Turn   | Place    | Note
--------------------------------------------------------------
     0 | D        | Kidiri the Spriggan Enchanter began the quest for the Orb.
     0 | D        | Reached XP level 1. HP: 9/9 MP: 5/5
    22 | D        | Reached skill level 5 in Stealth
    74 | D        | Reached skill level 1 in Fighting
    74 | D        | Reached XP level 2. HP: 14/14 MP: 1/8
   104 | D        | Learned a level 2 spell: Ensorcelled Hibernation
   116 | D        | Killed a yaktaur
   136 | D        | Noticed a scorpion
   143 | D        | Killed a scorpion
   143 | D        | Reached skill level 1 in Armour
   143 | D        | Reached skill level 5 in Dodging
   143 | D        | Reached skill level 6 in Stealth
   143 | D        | Reached skill level 1 in Ice Magic
   143 | D        | Reached XP level 3. HP: 18/18 MP: 10/10
   143 | D        | Reached XP level 4. HP: 22/22 MP: 11/11
   153 | D        | Learned a level 3 spell: Confuse
   157 | D        | Learned a level 3 spell: Tukima's Dance
   161 | D        | Learned a level 3 spell: Dazzling Spray
   170 | D        | Gained mutation: Your flesh is heat resistant. [potion of mutation]
   170 | D        | Gained mutation: Your mind is acute. (Int +2) [potion of mutation]
   170 | D        | Gained mutation: You have a pair of small antennae on your head. [potion of mutation]
   171 | D        | Gained mutation: You are surrounded by a mild repulsion field (EV +2). [potion of mutation]
   171 | D        | Gained mutation: You are robust (+10% HP). [potion of mutation]
   171 | D        | Lost mutation: Your mind is acute. (Int +2) [potion of mutation]
   176 | D        | Killed a white draconian scorcher
   202 | D        | Noticed a water elemental
   205 | D        | Killed a water elemental
   205 | D        | Reached skill level 7 in Stealth
   205 | D        | Reached skill level 5 in Spellcasting
   216 | D        | Noticed a shadow
   218 | D        | Killed a shadow
   218 | D        | Reached skill level 5 in Short Blades
   218 | D        | Reached skill level 9 in Stealth
   218 | D        | Reached skill level 1 in Conjurations
   218 | D        | Reached skill level 5 in Hexes
   218 | D        | Reached XP level 5. HP: 29/29 MP: 13/15
   218 | D        | Reached XP level 6. HP: 35/35 MP: 13/16
   250 | D        | Found an oddly glowing altar of Pakellas.
   250 | D        | Found a stormy altar of Qazlal.
   251 | D        | Found a sacrificial altar of Ru.
   251 | D        | Found a burning altar of Makhleb.
   251 | D        | Found a viscous altar of Jiyva.
   251 | D        | Found a shimmering altar of Xom.
   251 | D        | Found a shadowy altar of Dithmenos.
   251 | D        | Found a sparkling altar of Nemelex Xobeh.
   251 | D        | Found a corrupted altar of Lugonu.
   251 | D        | Found an opulent altar of Gozag.
   251 | D        | Noticed a spatial vortex
   253 | D        | Mangled by a spatial vortex

Skill      XL: |  1  2  3  4  5  6 |
---------------+-------------------+-----
Spellcasting   | 4 6 7 |  7.0
Stealth        | 5 6 9 |  9.4
Short Blades   | 2 3 5 |  5.7
Fighting       | 1 2 |  2.7
Dodging        | 4 5 7 8 |  8.0
Hexes          | 4 5 |  5.4
Armour         | 1 2 |  2.4
Ice Magic      | 1 2 |  2.3
Conjurations   | 1 |  1.6

Action                   |  1- 3 |  4- 6 || total
-------------------------+-------+-------++-------
Melee: Dagger            |    10 |     3 ||    13
 Cast: Corona            |     4 |       ||     4
  Use: Potion            |     1 |     2 ||     3
       Scroll            |       |     3 ||     3
 Stab: Sleeping          |     5 |     3 ||     8
Dodge: Dodged            |     4 |       ||     4
